 Dungeon Crawl Stone Soup version 0.28.0-53-g5a82cb258f (webtiles) character file.

Game seed: 11217748913546010073

1029 protoss039 the Skirmisher (level 8, -2/54 (63) HPs)
             Began as a Demonspawn Earth Elementalist on June 16, 2022.
             Slain by Edmund
             ... wielding a +2 dire flail of draining
              (13 damage)
             ... on level 5 of the Dungeon.
             The game lasted 00:06:11 (5435 turns).

protoss039 the Skirmisher (DsEE)                    Turns: 5435, Time: 00:06:12

HP:   -2/54 (63)    AC:  7    Str:  8    XL:     8   Next: 3%
MP:   0/14          EV: 11    Int: 28    God:
Gold: 191           SH:  4    Dex: 14    Spells: 9/15 levels left

rFire   . . .      SeeInvis .   a - +3 dagger
rCold   . . .      Faith    .   (no shield)
rNeg    . . .      Spirit   .   m - +0 leather armour
rPois   .          Reflect  .   b - +1 helmet {Int+3}
rElec   .          Harm     .   (no cloak)
rCorr   +          Rampage  .   (no gloves)
Will    .....                   (no boots)
Stlth   ++........              A - amulet of the acrobat
HPRegen 0.18/turn               e - +6 ring of intelligence
MPRegen 0.14/turn               w - ring of resist corrosion

@: heavily drained
A: icy blue scales 1, condensation shield, demonic touch 1
a: no special abilities


You were on level 5 of the Dungeon.
You visited 1 branch of the dungeon, and saw 5 of its levels.

You collected 256 gold pieces.
You spent 65 gold pieces at shops.

Inventory:

Hand Weapons
 a - a +3 dagger (weapon)
Missiles
 c - 113 stones
 r - 4 throwing nets
Armour
 b - a +1 helmet of intelligence (worn)
 m - a +0 leather armour (worn)
Jewellery
 e - a +6 ring of intelligence (left hand)
 p - a ring of fire
 v - a ring of protection from cold
 w - a ring of resist corrosion (right hand)
 A - an amulet of the acrobat (around neck)
Wands
 C - a wand of flame (26)
Scrolls
 d - a scroll of magic mapping
 f - a scroll of identify
 i - a scroll of torment {unknown}
 j - a scroll of brand weapon {unknown}
 k - a scroll of fear {unknown}
 l - 3 scrolls of teleportation {unknown}
 n - a scroll of blinking {unknown}
 t - a scroll of holy word {unknown}
 u - 2 scrolls of enchant weapon {unknown}
 y - a scroll of vulnerability {unknown}
 B - a scroll of immolation {unknown}
Potions
 g - a potion of degeneration {unknown}
 h - a potion of cancellation {unknown}
 o - 2 potions of berserk rage
 q - 2 potions of curing
 s - a potion of brilliance {unknown}
 x - a potion of attraction {unknown}
 z - 2 potions of might {unknown}


   Skills:
 * Level 5.4 Fighting
 - Level 3.0 Armour
 - Level 1.7 Dodging
 - Level 1.7 Stealth
 + Level 4.0 Spellcasting
 - Level 3.0 Conjurations
 - Level 1.0 Transmutations
 + Level 4.5 Earth Magic


You had 9 spell levels left.
You knew the following spells:

 Your Spells              Type           Power      Damage    Failure   Level
a - Sandblast             Erth           62%        2d14      1%          1
b - Passwall              Tmut/Erth      17%        N/A       4%          2
c - Stone Arrow           Conj/Erth      52%        3d10      7%          3

Your spell library contained the following spells:

 Spells                   Type           Power      Damage    Failure   Level
 Call Canine Familiar     Summ           5%         N/A       30%         3
 Portal Projectile        Hex/Tloc       10%        N/A       30%         3
 Petrify                  Tmut/Erth      21%        N/A       32%         4
 Leda's Liquefaction      Hex/Erth       9%         N/A       38%         4


Dungeon Overview and Level Annotations

Branches:
Dungeon (5/15)
 Temple: D:4-7

Altars:
Ashenzari
Okawaru

Shops:
D:3 (*!(

Annotations:
D:5 Edmund


Innate Abilities, Weirdness & Mutations

You are partially covered in icy blue scales. (AC +2)
A meltable shield of frost defends you. (SH +4)
Your touch may inflict minor irresistible damage on your foes.


Message History

Aiming: Stone Arrow (dangerous; 7% risk of failure)
Press: ? - help, Shift-Dir - straight line, f/p - Edmund
Aim: Edmund, wielding a +2 dire flail of draining and wearing a +0 scale mail (severely wounded, 75% to hit)
The stone arrow hits Edmund.
Edmund is severely wounded.
Edmund hits you but does no damage.
You feel drained.
You closely miss Edmund.
Edmund is severely wounded.
You block Edmund's attack.
You closely miss Edmund.
Edmund is severely wounded.
Edmund misses you.
You hit Edmund but do no damage.
You touch Edmund.
Edmund is almost dead.
Edmund hits you with a +2 dire flail of draining!
You feel drained.
* * * LOW HITPOINT WARNING * * *
You hit Edmund but do no damage.
Edmund is almost dead.
Edmund barely misses you.
Casting: Stone Arrow (dangerous; 7% risk of failure)
Confirm with . or Enter, or press ? or * to list all spells.
Aiming: Sandblast (safe; 1% risk of failure)
Press: ? - help, Shift-Dir - straight line, f/p - Edmund
Aim: Edmund, wielding a +2 dire flail of draining and wearing a +0 scale mail (almost dead, 84% to hit)
The blast of sand hits Edmund.
Edmund is almost dead.
Edmund hits you with a +2 dire flail of draining.
* * * LOW HITPOINT WARNING * * *
You feel drained.
* * * LOW HITPOINT WARNING * * *
Casting: Sandblast (safe; 1% risk of failure)
Confirm with . or Enter, or press ? or * to list all spells.
Aiming: Sandblast (safe; 1% risk of failure)
Press: ? - help, Shift-Dir - straight line, f/p - Edmund
Aim: Edmund, wielding a +2 dire flail of draining and wearing a +0 scale mail (almost dead, 84% to hit)
The blast of sand hits Edmund.
Edmund is almost dead.
Edmund hits you with a +2 dire flail of draining!
You die...

...........##.#
##########.##.# ..#
#.##.# #.# #.##.# # #
######.##.#### #
#............####### #
#...................
#.###............########
................@........
#.$........####.#@#######
.......[..# #.#.#
........#.# #.#.#
..#.###.#.# #.#.# . #.
#.#[. ..#.# # # #.#.##
###.# #.# #.########.#
####.# #........#.#


You could see Edmund.

Vanquished Creatures
  Grinder (D:4)
  Sigmund (D:2)
  A necrophage (D:5)
  An ogre (D:5)
  A scorpion (D:5)
  A wyvern skeleton (D:4)
  A howler monkey (D:5)
  A gnoll shaman (D:3)
  An orc priest (D:4)
  Natasha (D:4)
  2 iguanas
  A hound skeleton (D:5)
  A howler monkey skeleton (D:4)
  11 gnolls
  4 adders
  2 dart slugs
  8 orcs
  4 endoplasms
  2 giant cockroaches
  5 goblins
  8 hobgoblins
  6 kobolds
  2 quokkas (D:4)
  6 ball pythons
  7 bats
  2 frilled lizards
  5 rats
86 creatures vanquished.

Notes
Turn   | Place    | Note
-------+----------+-------------------------------------------
     0 | D:1      | protoss039 the Demonspawn Earth Elementalist began the
                  | quest for the Orb.
     0 | D:1      | Reached XP level 1. HP: 13/13 MP: 3/3
    74 | D:1      | Reached skill level 1 in Transmutations
   389 | D:1      | Found a faded altar of an unknown god.
   397 | D:1      | Gained mutation: Your touch may inflict minor irresistible
                  | damage on your foes. [demonic ancestry]
   397 | D:1      | Reached XP level 2. HP: 6/20 MP: 5/5
   686 | D:1      | Reached skill level 1 in Fighting
  1225 | D:1      | Learned a level 2 spell: Passwall
  1232 | D:2      | Reached XP level 3. HP: 19/26 MP: 1/6
  1479 | D:2      | You fall into a shaft and drop 1 floor!
  1630 | D:2      | Reached skill level 1 in Armour
  1723 | D:2      | Found an iron altar of Okawaru.
  1817 | D:2      | Reached skill level 2 in Fighting
  1918 | D:2      | Noticed Sigmund
  1939 | D:2      | Killed Sigmund
  1940 | D:2      | Reached skill level 3 in Fighting
  1940 | D:2      | Gained mutation: A meltable shield of frost defends you.
                  | (SH +4) [demonic ancestry]
  1940 | D:2      | Reached XP level 4. HP: 13/35 MP: 2/8
  1940 | D:2      | Reached XP level 5. HP: 15/41 MP: 2/9
  2247 | D:2      | Learned a level 3 spell: Stone Arrow
  2510 | D:3      | Reached XP level 6. HP: 28/47 MP: 2/10
  2675 | D:3      | Found Odyjuwauv's General Store.
  2683 | D:3      | Bought a scroll of identify for 26 gold pieces
  2697 | D:3      | Found Cixted's Distillery.
  2705 | D:3      | Bought a potion of curing for 39 gold pieces
  2756 | D:3      | Reached skill level 1 in Conjurations
  2835 | D:3      | Found Poxuuxt's Weapon Boutique.
  2917 | D:3      | Found Rinaf's Antique Weapon Boutique.
  2960 | D:4      | Found a broken altar of Ashenzari.
  3183 | D:4      | Noticed Grinder
  3191 | D:4      | Killed Grinder
  3192 | D:4      | Reached skill level 4 in Fighting
  3192 | D:4      | Reached XP level 7. HP: 54/54 MP: 0/11
  4501 | D:4      | Noticed Natasha
  4509 | D:4      | Killed Natasha
  4797 | D:5      | Entered Level 5 of the Dungeon
  5167 | D:5      | Reached skill level 5 in Fighting
  5354 | D:5      | Noticed Edmund
  5358 | D:5      | Gained mutation: You are partially covered in icy blue
                  | scales. (AC +2) [demonic ancestry]
  5358 | D:5      | Reached XP level 8. HP: 63/63 MP: 6/14
  5435 | D:5      | Slain by Edmund

Illustrated notes

Levels and vault maps discovered:
D:1:      dpeg_arrival_water_temple_mockup, layout_loops_ring,
          dreamdust_ecumenical_altar_hidden_monk_grotto
D:2:      layout_rooms, basic_altar, uniq_sigmund
D:3:      layout_basic, serial_shops, nicolae_shop_crystal, shop_fountains,
          nicolae_shop_waterfront, nicolae_lakefront_shop,
          nicolae_concentric_dashed_squares_mild
D:4:      layout_layer_cave, mainiacjoe_overflow_chevrons, uniq_grinder,
          uniq_natasha
D:5:      layout_basic, overflow_temple_1_default, minmay_misc_feat_pillars,
          uniq_edmund

Skill      XL: |  1  2  3  4  5  6  7 |
---------------+----------------------+-----
Transmutations | 1 |  1.0
Fighting       | 1 3 4 5 |  5.4
Earth Magic    | 3 4 |  4.5
Armour         | 1 2 3 |  3.0
Spellcasting   | 3 4 |  4.0
Conjurations   | 2 3 |  3.0
Dodging        | |  1.7
Stealth        | |  1.7

Action                   |  1- 3 |  4- 6 |  7- 9 || total
-------------------------+-------+-------+-------++-------
Melee: Dagger            |    76 |    24 |    45 ||   145
       Touch             |     6 |     4 |    11 ||    21
       Punch             |       |       |     2 ||     2
 Cast: Sandblast         |    24 |    32 |    23 ||    79
       Stone Arrow       |       |     2 |    29 ||    31
  Use: Potion            |     2 |       |       ||     2
       Scroll            |       |     1 |       ||     1
 Stab: Sleeping          |     6 |       |       ||     6
Armor: Robe              |     4 |       |       ||     4
       Leather armour    |    11 |    12 |     6 ||    29
Dodge: Dodged            |    54 |    19 |    23 ||    96
Block: Other             |       |     6 |     9 ||    15
